AoeStats
← Fislim

African Clearing

510548663Analyzed
2v2 RM · 1d ago on Oct 1, 2026· 26m 37s· 4 players
Game mode
Random Map
Map size
Medium (4 player)
Population
200
Speed
Normal
Resources
Standard
Victory
Conquest
Starting age
Dark Age
Ending age
Imperial Age
RankedLock teamsTeams togetherTeam positionsShared explorationLock speedFull tech treeHidden civsTurbo modeCheats
Victory
Defeat
🇨🇳 Mongols · China
1155
+13
🇨🇳 Magyars · China
1136
+13
🇩🇪 Varangians · Germany
1107
-14
🇪🇸 Franks · Spain
1048
-12
Wallenstein
4:46 Loom
12:56 Feudal Age
13:26 Double-Bit Axe
14:39 Man-at-Arms
15:05 Arson
16:56 Scale Mail Armor
24:06 Padded Archer Armor
23:57 Fletching
25:06 Horse Collar
ivanxiri25
12:19 Feudal Age
13:01 Double-Bit Axe
13:54 Wheelbarrow
13:05 Loom
Fislim
6:07 Loom
13:14 Feudal Age
13:47 Double-Bit Axe
21:29 Castle Age
20:12 Scale Barding Armor
21:12 Bloodlines
26:01 Gold Mining
Yakamoon
4:17 Loom
12:46 Feudal Age
14:19 Double-Bit Axe
14:26 Stone Mining
17:06 Castle Age
25:08 Fletching
Connection lost

Rejoining the realm…

Still unreachable

The connection could not be restored.

Session expired

The server has moved on; the page needs a fresh start.